 Dungeon Crawl Stone Soup version 0.21-a0-504-g2eda33064f (webtiles) character file.

5923 Niddhogr the Spear-Bearer (level 11, -1/86 HPs)
             Began as a Formicid Fighter on Nov 26, 2017.
             Was a Priest of Okawaru.
             Killed from afar by Nergalle (18 damage)
             ... with a bolt of negative energy
             ... on level 1 of the Lair of Beasts.
             The game lasted 00:39:49 (14051 turns).

Niddhogr the Spear-Bearer (Formicid Fighter)       Turns: 14051, Time: 00:39:49

Health: -1/86      AC: 19    Str: 21    XL:     11   Next: 9%
Magic:  12/14      EV: 10    Int:  8    God:    Okawaru [***...]
Gold:   519        SH: 11    Dex: 16    Spells: 10/10 levels left

rFire    . . .     SeeInvis +   a - +0 trident
rCold    . . .     Gourm    .   c - +0 shield
rNeg     + . .     Faith    +   q - +0 plate armour
rPois    +         Spirit   .   (helmet unavailable)
rElec    .         Reflect  .   u - +1 cloak {rPois}
rCorr    .         Harm     .   L - +0 pair of gloves {Dex+3}
MR       +....                  (no boots)
Stlth    ..........             k - amulet of faith
HPRegen  0.24/turn              g - +2 ring of protection
MPRegen  0.14/turn              m - ring of positive energy

@: heroism, heavily drained
A: permanent stasis, dig shafts and tunnels, four strong arms, antennae 3, thin
skeletal structure 1, clumsy 1, subdued magic 1, MP-powered wands
a: Dig, Shaft Self, Heroism, Renounce Religion


You were on level 1 of the Lair of Beasts.
You worshipped Okawaru.
Okawaru was most pleased with you.
You were not hungry.

You visited 2 branches of the dungeon, and saw 9 of its levels.
You also visited: Labyrinth.

You collected 519 gold pieces.

Inventory:

Hand Weapons
 a - a +0 trident (weapon)
 v - a +3 quarterstaff of chaos
 G - the +6 rapier of Integrity {drain, Str+3 Dex+4, unknown}
   (You took it off a minotaur in a labyrinth)

   A truly terrible weapon, it drains the life of those it strikes.
   It affects your strength (+3).
   It affects your dexterity (+4).
Armour
 c - a +0 shield (worn)
 q - a +0 plate armour (worn)
 u - a +1 cloak of poison resistance (worn)
 L - a +0 pair of gloves of dexterity (worn)
Jewellery
 g - a +2 ring of protection (left hand)
 k - an amulet of faith (around neck)
 m - a ring of positive energy (right hand)
Wands
 p - a wand of paralysis (3)
 s - a wand of random effects (22)
 x - a wand of flame (70)
 K - a wand of enslavement (19)
Scrolls
 e - 4 scrolls of remove curse
 n - a scroll of holy word {unknown}
 o - 2 scrolls of fear
 t - 3 scrolls of enchant armour
 D - a scroll of fog {unknown}
 J - a scroll of acquirement {unknown}
Potions
 b - 2 potions of heal wounds {unknown}
 d - a potion of might
 f - a potion of magic
 h - 2 potions of haste {unknown}
 j - 2 potions of curing
 l - a potion of flight {unknown}
 z - 2 potions of invisibility {unknown}
 B - a potion of resistance {unknown}
 C - a potion of ambrosia {unknown}
 E - a potion of agility {unknown}
 F - a potion of lignification {unknown}
Books
 I - a book of Beasts

   Spells                             Type                      Level
   a - Summon Butterflies             Summoning                    1
   b - Call Canine Familiar           Summoning                    3
   c - Summon Ice Beast               Ice/Summoning                4
   d - Summon Mana Viper              Hexes/Summoning              5
   e - Summon Hydra                   Summoning                    7
Comestibles
 i - a royal jelly
 r - 5 meat rations
 A - 2 bread rations
 H - 3 chunks of flesh


   Skills:
 - Level 8.0(11.5) Fighting
 + Level 12.2(15.5) Polearms
 - Level 4.0(7.6) Armour
 - Level 4.3(7.9) Dodging
 - Level 4.3(7.9) Stealth
 - Level 4.0(7.6) Shields
 - Level 4.1(2.9) Invocations


You had 10 spell levels left.
You didn't know any spells.

Dungeon Overview and Level Annotations

Branches:
Dungeon (8/15)             Temple (0/1) D:7            Lair (1/6) D:8

Altars:
Cheibriados
Fedhas
Makhleb
Nemelex Xobeh
Okawaru
Qazlal
Wu Jian
Yredelemnul
The Shining One
Beogh

Annotations:
Lair:1 Nergalle


Innate Abilities, Weirdness & Mutations

You cannot be hasted, slowed, berserked, paralysed or teleported.
You can dig through walls and to a lower floor.
Your four strong arms can wield two-handed weapons with a shield.
You have a pair of large antennae on your head. (SInv)
You have a somewhat thin skeletal structure. (Dex +2, Stealth)
You are clumsy. (Dex -2)
Your spells are a little easier to cast, but a little less powerful.
You expend magic power (3 MP) to strengthen your wands.


Message History

You block Nergalle's attack.
You gain the combat prowess of a mighty hero.
The spectral orc knight hits you but does no damage.
You block Nergalle's attack.
Unknown command.
You hit Nergalle but do no damage.
Nergalle is heavily wounded.
You puncture Nergalle!
Nergalle is severely wounded.
Nergalle casts a spell at the spectral orc knight.
The spectral orc knight seems to speed up.
You block the spectral orc knight's attack.
You hit Nergalle but do no damage.
Nergalle is severely wounded.
You hit Nergalle.
Nergalle is severely wounded.
You block the spectral orc knight's attack.
Nergalle gestures at you while chanting.
The bolt of negative energy hits you! You partially resist.
You feel drained.
You die...

.......#. ##.# #. .##
#P..# ####..###..
..####..## #.#...P#..
....##...####.......#
...###.............##
.......P###.........#
.....P#####.........#
....### #.....∩Z...##
......# ##......@o...#
.#...####.>..........#
†##### #[............#
## ##............# #
#............## #
###...........# #
#.#######..## #######
### #...# ##....##
#..##


You could see Nergalle and a spectral orc knight.

Vanquished Creatures
  A minotaur (Lab)
  A black mamba (Lair:1)
  A hornet (D:7)
  2 hippogriffs
  2 redbacks (Lab)
  2 humans (D:7)
  A basilisk (Lair:1)
  3 water moccasins
  An ice beast (D:7)
  2 sky beasts (D:8)
  4 orc warriors (D:8)
  4 phantoms
  2 ogres (D:7)
  A centaur (D:7)
  A crocodile (Lair:1)
  A big kobold (D:6)
  A bullfrog (D:6)
  A scorpion (D:7)
  3 killer bees (D:7)
  4 howler monkeys
  2 crimson imps
  9 hounds
  Crazy Yiuf (D:3)
  A gnoll shaman (D:5)
  2 bullfrog skeletons
  3 orc priests
  A jelly (D:8)
  4 orc wizards
  An iguana (D:6)
  Ijyb (D:3)
  Natasha (twice) (D:3 D:5)
  10 worker ants
  A hound skeleton (D:4)
  A hound zombie (D:8)
  9 gnolls
  7 adders
  A shadow imp (D:5)
  A white imp (D:6)
  An ufetubus (D:8)
  2 oozes
  An adder zombie (D:7)
  2 adder skeletons
  2 worms (D:3)
  2 dart slugs
  3 leopard geckos
  48 orcs
  5 ball pythons
  9 bats
  5 giant cockroaches
  9 goblins
  8 hobgoblins
  14 jackals
  4 quokkas
  4 frilled lizards
  A giant cockroach zombie (D:6)
  5 goblin zombies (D:6)
  2 hobgoblin zombies (D:6)
  11 kobolds
  2 kobold skeletons (D:6)
  A kobold zombie (D:6)
  An orc skeleton (D:6)
  7 rats
244 creatures vanquished.

Vanquished Creatures (collateral kills)
  A killer bee zombie (D:5)
  2 gnolls (D:5)
3 creatures vanquished.

Vanquished Creatures (others)
  An orc (D:5)
1 creature vanquished.

Grand Total: 248 creatures vanquished

Notes
Turn   | Place    | Note
-------+----------+-------------------------------------------
     0 | D:1      | Niddhogr the Formicid Fighter began the quest for the Orb.
     0 | D:1      | Reached XP level 1. HP: 18/18 MP: 1/1
   289 | D:1      | Reached XP level 2. HP: 19/24 MP: 2/2
   384 | D:1      | Reached skill level 3 in Polearms
   494 | D:1      | Reached XP level 3. HP: 27/29 MP: 3/3
  1126 | D:2      | Reached skill level 4 in Polearms
  1126 | D:2      | Reached XP level 4. HP: 35/35 MP: 4/4
  1518 | D:2      | Found a basalt altar of Yredelemnul.
  1638 | D:2      | Found a stormy altar of Qazlal.
  1641 | D:2      | Found a sparkling altar of Nemelex Xobeh.
  1644 | D:2      | Found a snail-covered altar of Cheibriados.
  2146 | D:3      | Reached XP level 5. HP: 42/42 MP: 5/5
  2287 | D:3      | Found a faded altar of an unknown god.
  2587 | D:3      | Noticed Ijyb
  2609 | D:3      | Killed Ijyb
  2609 | D:3      | Reached skill level 1 in Dodging
  2676 | D:3      | Found a runed door.
  2846 | D:3      | Noticed Natasha
  2849 | D:3      | Killed Natasha
  2926 | D:3      | Noticed Crazy Yiuf
  2937 | D:3      | Killed Crazy Yiuf
  2937 | D:3      | Reached XP level 6. HP: 18/48 MP: 6/6
  3586 | D:3      | Found a faded altar of an unknown god.
  4259 | D:3      | Found a faded altar of an unknown god.
  5058 | D:3      | Found a faded altar of an unknown god.
  5735 | D:3      | Found a faded altar of an unknown god.
  6729 | D:3      | Found a faded altar of an unknown god.
  7089 | D:4      | Noticed a phantom
  7104 | D:4      | Killed a phantom
  7104 | D:4      | Reached XP level 7. HP: 49/54 MP: 7/7
  7146 | D:4      | Reached skill level 1 in Stealth
  7686 | D:5      | Entered Level 5 of the Dungeon
  7689 | D:5      | Reached XP level 8. HP: 60/60 MP: 8/8
  7698 | D:4      | Reached skill level 5 in Polearms
  7845 | D:5      | Reached skill level 6 in Polearms
  8153 | D:5      | Reached skill level 7 in Polearms
  8156 | D:5      | Noticed Natasha
  8173 | D:5      | Killed Natasha
  8500 | D:5      | Found a blossoming altar of Fedhas.
  8778 | D:6      | Found a glowing golden altar of the Shining One.
  8798 | D:6      | Reached skill level 8 in Polearms
  8798 | D:6      | Reached XP level 9. HP: 58/65 MP: 9/9
  8907 | D:6      | Found an ornate altar of the Wu Jian Council.
  9142 | D:6      | Reached skill level 9 in Polearms
  9334 | D:6      | Found a burning altar of Makhleb.
  9540 | D:7      | Noticed a hornet
  9553 | D:7      | Killed a hornet
  9606 | D:7      | Found an iron altar of Okawaru.
  9640 | D:7      | Became a worshipper of Warmaster Okawaru
  9649 | D:7      | Reached skill level 10 in Polearms
  9879 | D:7      | Found a staircase to the Ecumenical Temple.
  9898 | D:7      | Reached skill level 5 in Fighting
  9968 | D:7      | Noticed a hippogriff
  9979 | D:7      | Killed a hippogriff
  9979 | D:7      | Reached * piety under Okawaru
  9979 | D:7      | Reached XP level 10. HP: 74/77 MP: 10/10
  9982 | D:7      | Reached skill level 1 in Invocations
 10268 | D:8      | Found a staircase to the Lair.
 10355 | D:8      | Reached ** piety under Okawaru
 10435 | D:8      | Found a roughly hewn altar of Beogh.
 10571 | D:8      | Gained mutation: You are clumsy. (Dex -2) [mutagenic meat]
 10572 | D:8      | Gained mutation: Your body sometimes deteriorates upon taking damage. [mutagenic meat]
 10573 | D:8      | Gained mutation: You expend magic power (3 MP) to strengthen your wands. [mutagenic meat]
 10574 | D:8      | Gained mutation: Your spells are a little easier to cast, but a little less powerful. [mutagenic meat]
 10575 | D:8      | Gained mutation: You have a somewhat thin skeletal structure. (Dex +2, Stealth) [mutagenic meat]
 10576 | D:8      | Lost mutation: Your body sometimes deteriorates upon taking damage. [mutagenic meat]
 10818 | Lair:1   | Entered Level 1 of the Lair of Beasts
 10857 | Lair:1   | Noticed a black mamba
 10865 | Lair:1   | Killed a black mamba
 10865 | Lair:1   | Reached skill level 11 in Polearms
 10872 | Lair:1   | Reached *** piety under Okawaru
 10971 | Lair:1   | Found a labyrinth entrance.
 11013 | Lair:1   | Noticed Nergalle
 11040 | Lab      | Entered a labyrinth
 13877 | Lab      | Noticed a minotaur
 13953 | Lab      | Killed a minotaur
 13953 | Lab      | Reached skill level 12 in Polearms
 13953 | Lab      | Reached XP level 11. HP: 33/86 MP: 12/14
 13956 | Lab      | Got a faintly glowing rapier {drain}
 14051 | Lair:1   | Killed from afar by Nergalle

Vault maps used:
D:1:      dpeg_arrival_circle_labyrinth_c, minmay_tripent
D:2:      grunt_temple_overflow_diamond, minmay_crystal_room, nrook_mini_vaults,
          lemuel_statue_altar
D:3:      chequers_ecumenical_altar_lobes, uniq_crazy_yiuf_cottage,
          uniq_natasha, uniq_ijyb
D:4:      first_bread
D:5:      basic_altar, st_stairs_8
D:6:      lemuel_coloured_pillars_altar, lemuel_round_altar,
          nicolae_tso_besieged_by_evil
D:7:      okawaru_humans, minmay_temple_entry_statues_fountains
D:8:      dpeg_oklobed_lair, special_room
Lair:1:   lab_entry_generic, uniq_nergalle
Lab:      labyrinth_watery, nicolae_lab_checkerboard, nicolae_lab_plus

Skill      XL: |  1  2  3  4  5  6  7  8  9 10 |
---------------+-------------------------------+-----
Polearms       | 3 4 8 10 12 | 12.2
Fighting       | 4 6 8 |  8.0
Armour         | 4 |  4.0
Dodging        | 2 4 |  4.3
Shields        | 4 |  4.0
Stealth        | 4 |  4.3
Invocations    | 4 |  4.1

Action                   |  1- 3 |  4- 6 |  7- 9 | 10-12 || total
-------------------------+-------+-------+-------+-------++-------
Melee: Trident           |   144 |   213 |       |    96 ||   453
       Quarterstaff      |       |    39 |   399 |   153 ||   591
Invok: Heroism           |       |       |       |     4 ||     4
Evoke: Wand              |       |       |       |     1 ||     1
  Use: Scroll            |       |     1 |     9 |     2 ||    12
       Potion            |       |       |       |     3 ||     3
 Stab: Paralysed         |       |       |     1 |     2 ||     3
       Confused          |       |       |     1 |       ||     1
  Eat: Chunk             |     1 |    10 |    10 |    10 ||    31
       Bread ration      |       |     2 |       |     2 ||     4
Armor: Scale mail        |    42 |    44 |       |       ||    86
       Plate armour      |       |    36 |   211 |    78 ||   325
Dodge: Dodged            |    33 |    40 |    91 |    45 ||   209
Block: Shield            |    72 |   109 |   213 |   121 ||   515

Table legend:
 A = Spawn XP
 B = Non-spawn XP
 C = Spawn XP percentage of total XP
 D = Spawn monster count
 E = Non-spawn monster count
 F = Spawn count percentage of total count
 G = Total turns spent on level
                    A         B        C        D         E        F      G
               +---------+---------+-------+---------+---------+-------+---------
         Total |       0 |    8462 |   0.0 |       0 |     247 |   0.0 | 14051
               +---------+---------+-------+---------+---------+-------+---------
           D:1 |       0 |      48 |   0.0 |       0 |      28 |   0.0 |   960
           D:2 |       0 |      67 |   0.0 |       0 |      28 |   0.0 |   851
           D:3 |       0 |     183 |   0.0 |       0 |      28 |   0.0 |  5156
           D:4 |       0 |     786 |   0.0 |       0 |      34 |   0.0 |   795
           D:5 |       0 |     788 |   0.0 |       0 |      30 |   0.0 |   978
           D:6 |       0 |     842 |   0.0 |       0 |      32 |   0.0 |   763
           D:7 |       0 |    1788 |   0.0 |       0 |      19 |   0.0 |   752
           D:8 |       0 |    1141 |   0.0 |       0 |      39 |   0.0 |   563
        Lair:1 |       0 |    1267 |   0.0 |       0 |       6 |   0.0 |   242
           Lab |       0 |    1552 |   0.0 |       0 |       3 |   0.0 |  2991
               +---------+---------+-------+---------+---------+-------+---------
